 Dungeon Crawl Stone Soup version 0.26-a0-1129-gc5df7fbe6a (webtiles) character file.

Game seed: 12891359574699411811

39 uibert the Caller (level 3, 0/24 HPs)
             Began as a Barachi Summoner on Dec 18, 2020.
             Slain by a goblin (3 damage)
             ... on level 2 of the Dungeon.
             The game lasted 00:08:04 (2112 turns).

uibert the Caller (Barachi Summoner)                Turns: 2112, Time: 00:08:05

Health: 0/24       AC:  2    Str: 10    XL:     3   Next: 47%
Magic:  3/6        EV: 12    Int: 15    God:
Gold:   54         SH:  0    Dex: 12    Spells: 0/6 levels left

rFire    . . .     SeeInvis .   f - +0 dagger
rCold    . . .     Faith    .   (no shield)
rNeg     . . .     Spirit   .   a - +0 robe
rPois    .         Reflect  .   (no helmet)
rElec    .         Harm     .   (no cloak)
rCorr    .         Rampage  .   (no gloves)
Will     .....                  (no boots)
Stlth    ++........             (no amulet)
HPRegen  0.08/turn              (no ring)
MPRegen  0.10/turn              (no ring)

@: can't hop, slow
A: +LOS, swims, slowness 1, strong legs 1
a: Hop


You were on level 2 of the Dungeon.
You visited 1 branch of the dungeon, and saw 2 of its levels.

You collected 54 gold pieces.

Inventory:

Hand Weapons
 c - a +0 hunting sling
 f - a +0 dagger (weapon)
Missiles
 e - 51 stones
 h - 18 poisoned darts (quivered)
Armour
 a - a +0 robe (worn)
Jewellery
 d - an uncursed amulet of guardian spirit {unknown}
Scrolls
 b - a scroll of noise {unknown}
 g - 2 scrolls of enchant weapon {unknown}
 j - a scroll of amnesia {unknown}
 m - 2 scrolls of identify {unknown}
 n - a scroll of magic mapping {unknown}
 o - a scroll of teleportation {unknown}
Potions
 i - a potion of curing {unknown}
 k - a potion of degeneration {unknown}
 l - a potion of heal wounds {unknown}


   Skills:
 - Level 2.1 Dodging
 - Level 1.7 Stealth
 - Level 2.2 Spellcasting
 * Level 6.2 Summonings


You couldn't memorise any spells.
You knew the following spells:

 Your Spells              Type           Power        Failure   Level
a - Summon Small Mammal   Summ           80%          1%          1
b - Call Imp              Summ           20%          2%          2
c - Call Canine Familiar  Summ           20%          4%          3

Your spell library contained the following spells:

 Spells                   Type           Power        Failure   Level
 Summon Guardian Golem    Hex/Summ       11%          19%         3
 Summon Ice Beast         Ice/Summ       11%          52%         4
 Summon Lightning Spire   Summ/Air       11%          52%         4


Dungeon Overview and Level Annotations

Branches:
Dungeon (2/15)

Altars:

Annotations:
D:2 Robin


Innate Abilities, Weirdness & Mutations

You can be seen from farther away. (+LOS)
You can swim through water.
You cover ground slowly.
You can hop short distances.


Message History

The kobold shouts!
The kobold throws a stone.
The stone hits you but does no damage.
You see here a stone.
A hobgoblin comes into view. It is wielding a +0 club.
The kobold throws a stone.
The stone hits you but does no damage.
You see here a stone.
The goblin no longer looks unusually strong.
The kobold throws a stone.
The stone hits you but does no damage. The goblin barely misses you.
The bat hits you but does no damage.
You see here a stone.
The bat misses you. The bat hits you.
* * * LOW HITPOINT WARNING * * *
The kobold throws a stone.
The stone hits you.
* * * LOW HITPOINT WARNING * * *
The bat hits you but does no damage.
A worm comes into view.
The bat hits you.
* * * LOW HITPOINT WARNING * * *
The kobold barely misses you. The goblin hits you.
You die...

#....w....
#......... #........
##....... #!.....#
###......#
#.....!..###########
#...g...g.gg.......l
+..@.(((gg.g...g..g.
#..gKb...###########
+$.K.............
#...#############
#...# ## #...# ..
#...# .. ##### .. ..


You could see a worm, 2 gnolls, a hobgoblin, 5 goblins, a bat and 2 kobolds.

Vanquished Creatures
  A gnoll (D:1)
  A giant cockroach (D:1)
  2 goblins
  2 jackals (D:1)
  2 frilled lizards (D:1)
  2 kobolds (D:1)
  2 rats (D:1)
12 creatures vanquished.

Vanquished Creatures (collateral kills)
  A worm (D:2)
  A bat (D:1)
  6 goblins
  6 hobgoblins
  A jackal (D:1)
  A quokka (D:2)
  3 kobolds (D:1)
  4 rats
23 creatures vanquished.

Grand Total: 35 creatures vanquished

Notes
Turn   | Place    | Note
-------+----------+-------------------------------------------
     0 | D:1      | uibert the Barachi Summoner began the quest for the Orb.
     0 | D:1      | Reached XP level 1. HP: 13/13 MP: 3/3
   156 | D:1      | Reached skill level 5 in Summonings
   365 | D:1      | Reached XP level 2. HP: 10/19 MP: 3/5
   950 | D:1      | Learned a level 2 spell: Call Imp
  1108 | D:1      | Reached XP level 3. HP: 24/24 MP: 0/6
  1348 | D:1      | Reached skill level 6 in Summonings
  1877 | D:2      | Learned a level 3 spell: Call Canine Familiar
  1881 | D:2      | Noticed Robin
  2112 | D:2      | Slain by a goblin

Illustrated notes

Levels and vault maps discovered:
D:1:      mrwooster_arrival_statue_3, layout_loops_corners
D:2:      layout_basic, uniq_robin

Skill      XL: |  1  2  3 |
---------------+----------+-----
Summonings     | 5 6 |  6.2
Dodging        | |  2.1
Stealth        | |  1.7
Spellcasting   | |  2.2

Action                   || total
-------------------------++-------
Melee: Unarmed           ||     9
       Dagger            ||    53
Throw: Dart              ||     7
       Stone             ||     3
 Cast: Summon Small Mamm ||    29
       Call Imp          ||    27
 Abil: Hop               ||     2
  Use: Potion            ||     1
Armor: Robe              ||    19
Dodge: Dodged            ||    88

Table legend: (Time is in decaauts)
 A = Elapsed time spent in this place.
 B = Non-inter-level travel time spent in this place.
 C = Inter-level travel time spent in this place.
 D = Time resting spent in this place.
 E = Time spent auto-exploring this place.
 F = Levels seen in this place.
 G = Mean time per level.
                   A        B        C        D        E       F      G
               +--------+--------+--------+--------+--------+-----+--------+
         Total |   2312 |   2239 |     73 |    313 |   1284 |   2 | 1156.0 |
       Dungeon |   2312 |   2239 |     73 |    313 |   1284 |   2 | 1156.0 |
               +--------+--------+--------+--------+--------+-----+--------+

Top non-repeatable levels by time:
     D:1: 2193 daAuts
     D:2: 119 daAuts
